 Dungeon Crawl Stone Soup version 0.31-a0-889-g1a8549509d (webtiles) character file.

Game seed: 7482657411067624326

79 gelatine the Stinger (level 4, 0/27 HPs)
             Began as an Octopode Venom Mage on Oct 16, 2023.
             Killed from afar by an orc wizard (9 damage)
             ... with a magic dart
             ... on level 3 of the Dungeon.
             The game lasted 00:07:26 (2164 turns).

gelatine the Stinger (Octopode Venom Mage)          Turns: 2164, Time: 00:07:26

Health: 0/27       AC:  1    Str:  7    XL:     4   Next: 37%
Magic:  1/7        EV: 13    Int: 19    God:
Gold:   134        SH:  0    Dex: 12    Spells: 2/8 levels left

rFire   . . .        d - +0 short sword
rCold   . . .        (no shield)
rNeg    . . .        (helmet restricted)
rPois   .            (no amulet)
rElec   .            l - ring of willpower
rCorr   .            (no ring)
SInv    .            (no ring)
Will    +....        (no ring)
Stlth   +++          (no ring)
HPRegen 0.24/turn    (no ring)
MPRegen 0.10/turn    (no ring)
                     (no ring)

%: no passive effects
@: very slightly contaminated
A: almost no armour, amphibious, 8 rings, camouflage 1, gelatinous body 1,
(nimble swimmer 1), tentacles
a: no special abilities


You were on level 3 of the Dungeon.
You visited 1 branch of the dungeon, and saw 3 of its levels.

You collected 134 gold pieces.

Inventory:

Hand Weapons
 d - a +0 short sword (weapon)
Missiles
 c - 3 atropa-tipped darts
 g - 5 boomerangs
 k - 2 poisoned darts
Jewellery
 l - a ring of willpower (left tentacle)
Talismans
 m - a flux talisman
Scrolls
 b - 3 scrolls of identify {unknown}
 e - a scroll of teleportation {unknown}
Potions
 a - a potion of magic
 f - a potion of heal wounds {unknown}
 h - a potion of brilliance {unknown}
 i - a potion of attraction {unknown}
 j - a potion of invisibility {unknown}


   Skills:
 * Level 0.4 Fighting
 + Level 0.4 Short Blades
 + Level 0.7 Throwing
 * Level 2.1 Dodging
 * Level 3.3 Stealth
 * Level 0.6 Unarmed Combat
 * Level 2.5 Spellcasting
 * Level 0.3 Conjurations
 * Level 1.3 Transmutations
 * Level 0.2 Air Magic
 * Level 4.3 Poison Magic


You had 2 spell levels left.
You knew the following spells:

 Your Spells              Type           Power      Damage    Failure   Level
a - Sting                 Tmut/Pois      52%        1d5       4%          1
b - Poisonous Vapours     Pois/Air       22%        N/A       10%         2
c - Mephitic Cloud        Conj/Pois/Air  8%         N/A       24%         3

Your spell library contained the following spells:

 Spells                   Type           Power      Damage    Failure   Level
 Apportation              Tloc           4%         N/A       16%         1
 Slow                     Hex            8%         N/A       16%         1
 Jinxbite                 Hex            4%         N/A       24%         2
 Olgreb's Toxic Radiance  Pois           18%        N/A       26%         4
 Confusing Touch          Hex            2%         N/A       43%         3
 Ozocubu's Armour         Ice            2%         N/A       43%         3
 Sigil of Binding         Hex            2%         N/A       43%         3
 Vampiric Draining        Necr           2%         2d6       43%         3
 Alistair's Intoxication  Tmut/Pois      8%         N/A       80%         5
 Ozocubu's Refrigeration  Ice            1%         4d7       100%        7


Dungeon Overview and Level Annotations

Branches:
Dungeon (3/15)

Altars:
Zin


Innate Abilities, Weirdness & Mutations

You cannot wear most types of armour.
You are amphibious.
You can wear up to eight rings at the same time.
Your skin changes colour to match your surroundings (Stealth+).
Your rubbery body absorbs attacks. (AC +1, EV +1)
((You are camouflaged when in or above water. (Stealth+)))
You have tentacles for arms and can constrict up to eight enemies at once.


Message History

A goblin comes into view. It is wielding a +0 dagger.
The goblin shouts!
The goblin unwields a +0 dagger.
The goblin wields a +0 sling.
The goblin shoots a sling bullet.
The sling bullet closely misses you.
The goblin shoots a sling bullet.
The sling bullet hits you.
The goblin shoots a sling bullet.
The sling bullet closely misses you.
Found a stone staircase leading up.
The goblin shoots a sling bullet.
The sling bullet hits you.
Casting: Sting (safe; 4% risk of failure)
Confirm with . or Enter, or press ? or * to list all spells.
Aiming: Poisonous Vapours (safe; 10% risk of failure)
Press: ? - help, Dir - move target, f - orc wizard
Aim: an orc wizard, wielding a +0 dagger and wearing a +0 robe You miscast Poisonous Vapours.
You are very lightly contaminated with residual magic.
Nothing appears to happen.
Casting: Poisonous Vapours (safe; 10% risk of failure)
Confirm with . or Enter, or press ? or * to list all spells.
Aiming: Poisonous Vapours (safe; 10% risk of failure)
Press: ? - help, Dir - move target, f/p - orc wizard
Aim: an orc wizard, wielding a +0 dagger and wearing a +0 robe You miscast Poisonous Vapours.
Nothing appears to happen.
The goblin shoots a sling bullet.
The sling bullet closely misses you.
Casting: Poisonous Vapours (safe; 10% risk of failure)
Confirm with . or Enter, or press ? or * to list all spells.
Aiming: Poisonous Vapours (safe; 10% risk of failure)
Press: ? - help, Dir - move target, f/p - orc wizard
Aim: an orc wizard, wielding a +0 dagger and wearing a +0 robe You miscast Poisonous Vapours.
Nothing appears to happen.
Casting: Poisonous Vapours (safe; 10% risk of failure)
Confirm with . or Enter, or press ? or * to list all spells.
You don't have enough magic to cast this spell.
Found 3 scrolls labelled CYROTH FOYST.
The orc wizard gestures at you while chanting.
The magic dart hits you!
The goblin shoots a sling bullet.
The sling bullet completely misses you.
There is a stone staircase leading up here.
The orc wizard points at you and mumbles some strange words.
The magic dart hits you!
You die...

#.# .#.# ... #..#.##.. ..
..# #.....#.######..
.g#######......#......#
..............##......
.....................
..####....g......<####
.## #....o..........#...
## #..........@........
######.........##...#..#
......................###
.........................
#..#####.......#..#....?
^....###.....####...#..#
^.....####....###<..##..
.^..^..#....#.....#......
....^.......###.....#....


You could see an orc wizard and a goblin.

Vanquished Creatures
  4 gnolls (D:2)
  A worm (D:2)
  2 dart slugs
  A bat (D:2)
  An endoplasm (D:2)
  4 goblins
  5 hobgoblins
  2 quokkas
  4 ball pythons (D:1)
  4 frilled lizards
  2 kobolds (D:1)
  4 rats
34 creatures vanquished.

Notes
Turn   | Place    | Note
-------+----------+-------------------------------------------
     0 | D:1      | gelatine the Octopode Venom Mage began the quest for the
                  | Orb.
     0 | D:1      | Reached XP level 1. HP: 11/11 MP: 3/3
   145 | D:1      | Reached XP level 2. HP: 15/17 MP: 0/5
   200 | D:1      | Reached skill level 4 in Poison Magic
   622 | D:1      | You fall into a shaft and drop 1 floor!
   622 | D:2      | Found a glowing silver altar of Zin.
  1354 | D:2      | Reached XP level 3. HP: 21/21 MP: 3/6
  1357 | D:2      | Learned a level 2 spell: Poisonous Vapours
  1361 | D:2      | Learned a level 3 spell: Mephitic Cloud
  1942 | D:2      | Reached XP level 4. HP: 21/27 MP: 7/7
  2164 | D:3      | Killed from afar by an orc wizard

Illustrated notes

Levels and vault maps discovered:
D:1:      amcnicky_arrival_blooded_trapdoor, layout_loops_ring
D:2:      layout_basic, basic_altar
D:3:      layout_rooms, nicolae_wormholes, uniq_natasha, uniq_robin

Skill      XL: |  1  2 |
---------------+-------+-----
Poison Magic   | 4 |  4.3
Stealth        | 3 |  3.3
Fighting       | |  0.4
Short Blades   | |  0.4
Throwing       | |  0.7
Dodging        | |  2.1
Unarmed Combat | |  0.6
Spellcasting   | |  2.5
Conjurations   | |  0.3
Transmutations | |  1.3
Air Magic      | |  0.2

Action                     |  1- 3 |  4- 6 || total
---------------------------+-------+-------++-------
  Melee: Unarmed           |    16 |     5 ||    21
         Constrict         |     5 |     3 ||     8
         Tentacles         |     5 |     3 ||     8
         Short sword       |       |     4 ||     4
  Throw: Dart              |    11 |       ||    11
         Boomerang         |     1 |       ||     1
   Cast: Sting             |    49 |       ||    49
         Poisonous Vapours |     4 |       ||     4
   Stab: Distracted        |     1 |       ||     1
 Armour: Skin              |     5 |     8 ||    13
  Dodge: Dodged            |    14 |    13 ||    27

Table legend: (Time is in decaauts)
 A = Elapsed time spent in this place.
 B = Non-inter-level travel time spent in this place.
 C = Inter-level travel time spent in this place.
 D = Time resting spent in this place.
 E = Time spent auto-exploring this place.
 F = Levels seen in this place.
 G = Mean time per level.
                   A        B        C        D        E       F      G
               +--------+--------+--------+--------+--------+-----+--------+
         Total |   2162 |   1951 |    211 |      0 |   1574 |   3 |  720.7 |
       Dungeon |   2162 |   1951 |    211 |      0 |   1574 |   3 |  720.7 |
               +--------+--------+--------+--------+--------+-----+--------+

Top non-repeatable levels by time:
     D:1: 1280 daAuts
     D:2: 829 daAuts
     D:3: 53 daAuts
